 Dungeon Crawl Stone Soup version 0.27-a0-1579-g97d2440184 (webtiles) character file.

Game seed: 4077514277949239512

181 Demosthentine the Poker (level 5, -2/41 HPs)
             Began as a Merfolk Gladiator on July 17, 2021.
             Splashed by Ijyb's acid (16 damage)
             ... on level 3 of the Dungeon on July 18, 2021.
             The game lasted 00:02:50 (4140 turns).

Demosthentine the Poker (Merfolk Gladiator)         Turns: 4140, Time: 00:02:51

Health: -2/41      AC:  6    Str: 15    XL:     5   Next: 61%
Magic:  5/5        EV: 14    Int:  9    God:
Gold:   132        SH:  0    Dex: 16    Spells: 4/4 levels left

rFire    . . .     SeeInvis .   a - +0 trident
rCold    . . .     Faith    .   (no shield)
rNeg     . . .     Spirit   .   b - +0 leather armour
rPois    .         Reflect  .   c - +0 helmet
rElec    .         Harm     .   (no cloak)
rCorr    .         Rampage  .   (no gloves)
Will     .....                  (no boots)
Stlth    +.........             (no amulet)
HPRegen  0.13/turn              (no ring)
MPRegen  0.09/turn              (no ring)

@: no status effects
A: (nimble swimmer 2), mertail, iridescent scales 1, clever 1, deterioration 1
a: no special abilities


You were on level 3 of the Dungeon.
You visited 1 branch of the dungeon, and saw 3 of its levels.

You collected 132 gold pieces.

Inventory:

Hand Weapons
 a - a +0 trident (weapon)
Missiles
 d - 2 throwing nets (quivered)
Armour
 b - a +0 leather armour (worn)
 c - a +0 helmet (worn)
Wands
 i - a wand of polymorph (1)
Scrolls
 h - a scroll of acquirement {unknown}
 k - a scroll of vulnerability {unknown}
Potions
 e - a potion of magic
 f - a potion of brilliance
 g - a potion of mutation
 j - a potion of heal wounds {unknown}
 l - a potion of lignification {unknown}


   Skills:
 + Level 3.5 Fighting
 + Level 5.7 Polearms
 - Level 2.0 Throwing
 + Level 1.6 Armour
 + Level 5.3 Dodging


You had 4 spell levels left.
You didn't know any spells.
Your spell library contained the following spells:

 Spells                   Type           Power      Damage    Failure   Level
 Animate Skeleton         Necr           0%         N/A       45%         1
 Apportation              Tloc           0%         N/A       45%         1
 Corona                   Hex            0%         N/A       45%         1
 Summon Small Mammal      Summ           0%         N/A       45%         1
 Tukima's Dance           Hex            0%         N/A       83%         3
 Passage of Golubria      Tloc           N/A        N/A       99%         4
 Yara's Violent Unravell  Hex/Tmut       0%         3d3       100%        5


Dungeon Overview and Level Annotations

Branches:
Dungeon (3/15)

Altars:
Makhleb
Trog

Shops:
D:2 (!

Annotations:
D:3 Ijyb


Innate Abilities, Weirdness & Mutations

((You are quick and stealthy near water. (Stealth+, EV+, Speed+++)))
Your lower body shifts to a powerful aquatic tail in water.
You are partially covered in iridescent scales. (AC +2)
Your mind is acute. (Int +2)
Your body sometimes deteriorates upon taking damage.


Message History

There is a stone staircase leading down here.
Key pressed, stopping explore.
No target in view!
Key pressed, stopping explore.
No target in view!
No target in view!
Found a glowing hand axe.
Found a short sword.
You see here a +0 short sword.
You see here a +1 hand axe of flaming.
Key pressed, stopping explore.
No target in view!
You see here 23 bolts.
Key pressed, stopping explore.
No target in view!
Key pressed, stopping explore.
No target in view!
No target in view!
Ijyb shouts!
Ijyb zaps a wand.
The bolt of acid hits you!
You are splashed with acid!
You are too injured to fight recklessly!
Ijyb is nearby!
You are too injured to fight recklessly!
Ijyb is nearby!
You are too injured to fight recklessly!
You are too injured to fight recklessly!
Ijyb is nearby!
You are too injured to fight recklessly!
Unknown command.
There is a stone staircase leading down here.
Unknown command.
Throw: 3 throwing nets
Press: ? - help, Q - select action, (/) - cycle Shift-Dir - straight line, f - Ijyb
Aim: Ijyb, wielding a +0 dagger, wearing a +0 leather armour and carrying a wand of acid (5) (55% to hit)
You throw a throwing net. The throwing net hits Ijyb.
Ijyb is caught in the net!
Ijyb struggles against the net.
You hit Ijyb but do no damage.
Ijyb zaps a wand.
The bolt of acid hits you.
You are splashed with acid!
You die...

###############
###########
#..............
#.........#
#.#.....#######
#.#######.###.#.###.#
#.# #.....@g.#..#
#.####### #(#
#.###.###.#.###........
#.#
#...............#######
#.###.###.#####.###.# #
#.....# #.# #.# #.# #
#.###.# #.# #.# #.#
##.###g# #.# #.# #g#
######...##.# #.#
#B###.##
..........#.###.#
#.##...#


You could see Ijyb (caught).

Vanquished Creatures
  Jessica (D:3)
  7 adders
  2 worms
  4 dart slugs
  6 endoplasms
  3 giant cockroaches (D:2)
  6 goblins
  7 hobgoblins
  15 jackals
  3 kobolds (D:2)
  A quokka (D:2)
  6 ball pythons
  6 bats
  8 frilled lizards
75 creatures vanquished.

Vanquished Creatures (others)
  A giant cockroach (D:3)
  4 plants (D:3)
5 creatures vanquished.

Grand Total: 80 creatures vanquished

Notes
Turn   | Place    | Note
-------+----------+-------------------------------------------
     0 | D:1      | Demosthentine the Merfolk Gladiator began the quest for the
                  | Orb.
     0 | D:1      | Reached XP level 1. HP: 16/16 MP: 1/1
   102 | D:1      | Reached XP level 2. HP: 16/23 MP: 2/2
   761 | D:1      | Reached XP level 3. HP: 23/28 MP: 3/3
   977 | D:1      | Found a faded altar of an unknown god.
  1315 | D:2      | Found Jienoom's Distillery.
  1433 | D:2      | Reached skill level 5 in Polearms
  1433 | D:2      | Reached skill level 1 in Armour
  1653 | D:2      | Reached XP level 4. HP: 22/35 MP: 4/4
  2324 | D:2      | Found Yxeaf's Antique Weapon Boutique.
  2459 | D:2      | Reached skill level 5 in Dodging
  2798 | D:3      | Noticed Jessica
  2814 | D:3      | Killed Jessica
  2815 | D:3      | Reached XP level 5. HP: 41/41 MP: 5/5
  3223 | D:3      | Found a bloodstained altar of Trog.
  3463 | D:3      | Noticed Ijyb
  3476 | D:3      | Gained mutation: Your mind is acute. (Int +2) [potion of
                  | mutation]
  3476 | D:3      | Gained mutation: Your body sometimes deteriorates upon
                  | taking damage. [potion of mutation]
  3476 | D:3      | Gained mutation: You are partially covered in iridescent
                  | scales. (AC +2) [potion of mutation]
  3855 | D:3      | Found a burning altar of Makhleb.
  4140 | D:3      | Splashed by Ijyb's acid

Illustrated notes

Levels and vault maps discovered:
D:1:      dpeg_arrival_chambers_temple_mockup, layout_basic,
          shapermc_ecumenical_altar_acropolis
D:2:      layout_rooms, serial_shops, shop, nicolae_shop_behind_doors,
          minmay_misc_feat_ornament, kennysheep_decorative_pillar
D:3:      layout_loops_ring, general_overflow_altar,
          mainiacjoe_overflow_chevrons, minmay_unequal, uniq_ijyb, uniq_jessica

Skill      XL: |  1  2  3  4 |
---------------+-------------+-----
Polearms       | 5 |  5.7
Armour         | 1 |  1.6
Fighting       | 3 |  3.5
Dodging        | 5 |  5.3
Throwing       | |  2.0

Action                   |  1- 3 |  4- 6 || total
-------------------------+-------+-------++-------
Melee: Trident           |   136 |   133 ||   269
       Unarmed           |       |    15 ||    15
Throw: Throwing net      |       |     1 ||     1
  Use: Scroll            |     2 |     2 ||     4
       Potion            |       |     3 ||     3
 Stab: Sleeping          |       |     4 ||     4
Armor: Leather armour    |    41 |    36 ||    77
       Skin              |       |     5 ||     5
Dodge: Dodged            |    71 |   127 ||   198

Table legend: (Time is in decaauts)
 A = Elapsed time spent in this place.
 B = Non-inter-level travel time spent in this place.
 C = Inter-level travel time spent in this place.
 D = Time resting spent in this place.
 E = Time spent auto-exploring this place.
 F = Levels seen in this place.
 G = Mean time per level.
                   A        B        C        D        E       F      G
               +--------+--------+--------+--------+--------+-----+--------+
         Total |   4150 |   4106 |     44 |    490 |   3052 |   3 | 1383.3 |
       Dungeon |   4150 |   4106 |     44 |    490 |   3052 |   3 | 1383.3 |
               +--------+--------+--------+--------+--------+-----+--------+

Top non-repeatable levels by time:
     D:2: 1679 daAuts
     D:1: 1318 daAuts
     D:3: 1152 daAuts
